Map: Dreamcatcher LE

Players

MarineLorD

  • Race: Terran Terran
  • League: Master
  • Spawn Location: 11:00

Cure - Winner!

  • Race: Terran Terran
  • League: Master
  • Spawn Location: 5:00

Event: HomeStory Cup XVIII

VOD

Have the link to the VOD?

Description

Time

  • Played on: Nov. 22, 2018, 10:37 a.m.
  • Length: 10:16

All games in this series

Show
View Real Time Build Order
Export as new Build Order

MarineLorD Terran 

Build Orders: Gas First Reaper Expand, Reaper Expand 

Get SALT Encoding   

  12  0:00  SCV  
  13  0:12  SCV  
  14  0:17  Supply Depot  
  14  0:24  SCV  
  15  0:28  Refinery  
  15  0:38  SCV  
  16  0:44  Barracks  
  16  0:51  SCV  
  17  1:03  SCV  
  18  1:15  SCV  
  19  1:31  Reaper, Orbital Command  
  20  1:48  Command Center  
  20  1:57  Factory  
  20  1:59  SCV  
  21  2:06  Barracks Reactor  
  21  2:11  Supply Depot  
  21  2:12  SCV  
  22  2:18  Refinery  
  22  2:24  SCV  
  23  2:36  SCV  
  24  2:40  Hellion  
  26  2:46  Starport  
  26  2:47  Marine x2  
  26  2:48  SCV  
  29  3:00  SCV  
  29  3:04  Marine  
  29  3:05  Marine  
  30  3:13  SCV  
  30  3:15  Factory Tech Lab  
  30  3:17  Supply Depot  
  31  3:23  Starport Tech Lab  
  31  3:31  Marine x2, SCV  
  31  3:32  Refinery  
  37  3:34  Cyclone  
  38  3:44  SCV, Orbital Command  
  38  3:49  Raven  
  38  3:55  Marine  
  41  3:56  Marine, SCV  
  43  4:08  SCV  
  43  4:09  Siege Tank  
  47  4:10  SCV  
  48  4:17  Supply Depot  
  48  4:21  SCV  
  48  4:22  Marine x2  
  51  4:25  SCV  
  52  4:33  SCV  
  52  4:36  Raven  
  53  4:41  SCV  
  53  4:44  Marine x2  
  53  4:48  Engineering Bay  
  53  4:49  Supply Depot, SCV  
  54  4:53  SCV  
  54  4:58  Supply Depot  
  55  5:01  SCV  
  55  5:05  SCV  
  55  5:06  Siege Tank  
  60  5:13  SCV  
  60  5:17  SCV  
  57  5:26  SCV  
  58  5:29  SCV  
  58  5:30  Missile Turret  
  59  5:38  Missile Turret, SCV  
  59  5:40  Siege Tank  
  59  5:41  SCV  
  64  5:44  Viking x2  
  68  5:50  SCV  
  68  5:51  Supply Depot  
  68  5:54  Marine, SCV  
  68  5:56  Stimpack  
  71  6:02  SCV  
  71  6:04  Supply Depot  
  72  6:06  SCV  
  73  6:14  Viking x2, SCV  
  73  6:16  Marine  
  79  6:19  SCV  
  79  6:22  Siege Tank  
  82  6:26  SCV  
  84  6:32  SCV  
  84  6:33  Marine  
  83  6:40  Command Center  
  83  6:47  SCV  
  83  6:51  Marine, Viking  
  83  6:52  Viking  
  83  6:53  SCV  
  86  7:08  Barracks x2  
  85  7:13  Siege Tank  
  85  7:14  Terran Infantry Weapons Level 1  
  88  7:18  Engineering Bay, SCV  
  88  7:19  Refinery  
  88  7:20  SCV  
  88  7:21  Viking  
  88  7:22  Viking  
  94  7:33  Supply Depot  
  94  7:37  Supply Depot  
  94  7:52  Marine, SCV x2  
  94  7:55  Liberator x2  
  94  7:56  Orbital Command  
  94  7:57  Supply Depot  
  101  8:00  Barracks Reactor  
  101  8:01  Barracks Reactor  
  101  8:04  SCV x2  
  103  8:10  Marine  
  106  8:16  SCV x2  
  108  8:20  Siege Tank  
  111  8:27  Marine  
  111  8:28  SCV x2  
  111  8:33  Barracks  
  113  8:34  Barracks  
  113  8:37  Armory  
  113  8:38  Marine x2  
  113  8:39  Marine x2  
  113  8:40  SCV x2  
  119  8:45  Marine  
  120  8:55  Supply Depot, Medivac x2  
  124  8:56  Marine  
  90  9:04  Marine x2, Orbital Command  
  90  9:05  Marine  
  90  9:06  SCV  
  90  9:07  Liberator  
  90  9:08  Marine  
  90  9:09  SCV  
  86  9:14  Marine  
  84  9:19  SCV  
  84  9:21  Marine  
  84  9:22  Marine  
  87  9:25  SCV  
  87  9:29  Marine  
  87  9:31  Barracks Reactor x2, SCV  
  93  9:34  SCV  
  93  9:37  SCV  
  95  9:43  Marine x2, SCV  
  95  9:44  Marine x2  
  100  9:46  SCV  
  100  9:49  SCV  
  100  9:51  Marine  
  103  9:55  SCV  
Show
View Real Time Build Order
Export as new Build Order

Cure Terran - Winner!

Build Orders: 1/1/1, Banshee Rush 

Get SALT Encoding   

  12  0:00  SCV  
  13  0:12  SCV  
  14  0:17  Supply Depot  
  14  0:24  SCV  
  15  0:28  Refinery  
  15  0:38  SCV  
  16  0:44  Barracks  
  16  0:50  SCV  
  16  0:56  Refinery  
  17  1:03  SCV  
  18  1:15  SCV  
  19  1:30  Orbital Command  
  19  1:31  Factory  
  19  1:35  Reaper  
  20  1:46  Engineering Bay  
  20  1:55  Supply Depot  
  20  1:56  SCV  
  21  2:07  Reaper  
  23  2:08  SCV  
  23  2:16  Hellion  
  23  2:19  Starport  
  23  2:20  SCV  
  26  2:25  Supply Depot  
  26  2:32  SCV  
  26  2:39  Barracks Tech Lab  
  26  2:42  Hellion  
  28  2:44  SCV  
  28  2:51  Supply Depot  
  29  2:56  SCV  
  29  3:08  Cloaking Field  
  29  3:09  Banshee, SCV  
  33  3:13  Barracks Reactor  
  33  3:28  Factory Tech Lab  
  33  3:40  Command Center  
  33  3:41  SCV  
  33  3:51  Banshee  
  33  3:53  Cyclone  
  39  3:57  SCV  
  40  4:06  Supply Depot  
  40  4:09  SCV  
  41  4:12  Marine x2  
  43  4:21  SCV  
  44  4:30  Marine x2  
  46  4:34  Raven  
  46  4:37  SCV  
  47  4:44  Cyclone  
  47  4:50  SCV  
  47  4:52  Orbital Command  
  50  5:00  Mag-Field Accelerator  
  50  5:02  SCV  
  49  5:08  Command Center  
  49  5:14  Marine x2  
  49  5:16  SCV  
  52  5:24  SCV  
  52  5:26  Cyclone  
  56  5:28  SCV  
  57  5:37  Starport Reactor, SCV  
  57  5:40  SCV  
  57  5:41  Supply Depot  
  59  5:43  Barracks x2  
  59  5:49  Marine, SCV  
  60  5:50  Stimpack  
  60  5:52  SCV  
  62  6:01  SCV  
  63  6:05  SCV  
  63  6:08  Refinery  
  63  6:09  Marine, Refinery  
  63  6:11  Siege Tank  
  68  6:15  Engineering Bay, SCV  
  68  6:16  Engineering Bay  
  68  6:17  SCV  
  70  6:27  Orbital Command, SCV  
  70  6:28  Marine  
  70  6:29  SCV  
  73  6:38  Starport Reactor  
  73  6:40  Marine x3  
  73  6:41  Marine  
  73  6:43  Terran Infantry Weapons Level 1, SCV x2  
  73  6:46  Marine  
  80  6:48  Terran Infantry Armor Level 1  
  80  6:49  Orbital Command  
  77  6:58  Marine x4  
  77  7:00  Siege Tank  
  84  7:01  SCV  
  84  7:04  Marine  
  84  7:06  Supply Depot, SCV  
  81  7:14  SCV x2  
  83  7:18  SCV  
  83  7:24  Marine x5  
  88  7:32  Siege Tank  
  90  7:37  Medivac  
  90  7:40  Supply Depot, Medivac  
  90  7:41  Supply Depot  
  94  7:51  Marine x5, Combat Shield  
  99  8:02  SCV x2  
  99  8:05  Orbital Command  
  101  8:08  Barracks  
  101  8:09  Barracks  
  101  8:19  Marine x2  
  101  8:20  Marine x3  
  101  8:22  Siege Tank  
  101  8:23  Medivac  
  111  8:27  Medivac  
  113  8:35  SCV  
  113  8:36  SCV x2  
  113  8:39  Supply Depot  
  113  8:40  Supply Depot  
  116  8:47  Armory, Marine x2  
  117  8:57  Marine x3  
  117  9:00  SCV x3  
  113  9:08  Marine x2  
  102  9:11  Barracks Reactor x2  
  102  9:13  Siege Tank  
  102  9:14  Viking  
  102  9:15  Marine x3  
  102  9:16  Viking  
  103  9:24  Refinery  
  103  9:25  SCV x3  
  103  9:26  Marine x2, Refinery  
  108  9:32  Marine x2  
  108  9:33  Marine  
  111  9:44  Marine x2  
  113  9:50  Marine x3  
  118  9:54  Marine x2  
  118  9:55  Marine x2  
Tags
 
Add a new tag
Caveats
  • Supply blocks, unpowered buildings, or Contaminate may cause inaccurate times.
  • Supply counts are checked every 10 seconds.